 Dungeon Crawl Stone Soup version 0.28.0-1-gb440e238dd (webtiles) character file.

Game seed: 4322683896823430074

2040 croobank the Skirmisher (level 9, 0/79 (81) HPs)
             Began as a Hill Orc Fighter on Feb 27, 2022.
             Was a Believer of Beogh.
             Succumbed to a wight's poison
             ... on level 7 of the Dungeon.
             The game lasted 00:22:33 (8000 turns).

croobank the Skirmisher (Hill Orc Fighter)          Turns: 8000, Time: 00:22:33

HP:   0/79 (81)     AC: 11    Str: 23    XL:     9   Next: 24%
MP:   9/9           EV:  8    Int: 11    God:    Beogh [**....]
Gold: 63            SH:  5    Dex: 10    Spells: 8/8 levels left

rFire   . . .      SeeInvis +   a - +9 whip of Ced Izo {pain, Int+3 SInv}
rCold   . . .      Faith    .   c - +0 buckler
rNeg    . . .      Spirit   .   w - +0 chain mail
rPois   .          Reflect  .   (no helmet)
rElec   .          Harm     .   e - +0 cloak
rCorr   .          Rampage  .   (no gloves)
Will    .....      Rnd*Tele +   (no boots)
Stlth   ..........              (no amulet)
HPRegen 0.23/turn               (no ring)
MPRegen 0.11/turn               (no ring)

@: mighty, lethally poisoned (0 -> -17), lightly drained
A: teleportitis 1, wild magic 1, inability to read while threatened
a: Renounce Religion, Smiting


You were on level 7 of the Dungeon.
You worshipped Beogh.
Beogh was pleased with you.
You visited 1 branch of the dungeon, and saw 7 of its levels.
You also visited: Sewer.

You collected 275 gold pieces.
You spent 212 gold pieces at shops.

Inventory:

Hand Weapons
 a - the +9 whip of Ced Izo (weapon) {pain, Int+3 SInv}
   (You found it on level 4 of the Dungeon)

   In the hands of one skilled in necromantic magic, it inflicts extra damage on
   living creatures.
   Int:       It affects your intelligence (+3).
   SInv:      It lets you see invisible.
 b - a +0 hunting sling
 h - a +2 dagger of holy wrath
 l - a +0 morningstar of venom
 m - a +2 vorpal hand axe
 q - a +3 flail
 t - a +0 war axe
 u - a +0 morningstar of protection
Missiles
 f - 107 stones
 g - 36 arrows
 i - 7 boomerangs
 j - 19 sling bullets
 n - 31 poisoned darts
 s - 4 curare-tipped darts (quivered)
Armour
 c - a +0 buckler (worn)
 e - a +0 cloak (worn)
 w - a +0 chain mail (worn)
Scrolls
 k - a scroll of holy word
 p - 2 scrolls of teleportation
Potions
 r - a potion of might
 v - a potion of haste


   Skills:
 + Level 7.9 Fighting
 - Level 5.0(6.5) Axes
 + Level 5.2(5.9) Maces & Flails
 + Level 7.2 Armour
 + Level 7.3 Shields


You had 8 spell levels left.
You didn't know any spells.
Your spell library contained the following spells:

 Spells                   Type           Power      Damage    Failure   Level
 Cause Fear               Hex            0%         N/A       100%        4
 Olgreb's Toxic Radiance  Pois           0%         N/A       100%        4
 Dragon Form              Tmut           0%         N/A       100%        7
 Ozocubu's Refrigeration  Ice            0%         4d5       100%        7
 Ignition                 Fire           0%         3d3       100%        8
 Dragon's Call            Summ           0%         N/A       100%        9


Dungeon Overview and Level Annotations

Branches:
Dungeon (7/15)             Temple (0/1) D:4           Sewer (visited)

Altars:
Qazlal

Shops:
D:4 (   D:5 [*


Innate Abilities, Weirdness & Mutations

You are occasionally teleported next to monsters.
Your spells are a little harder to cast, but a little more powerful.
You sometimes lose the ability to read scrolls when taking damage.


Message History

You closely miss the wight.
The wight is moderately damaged.
You feel very sick.
The wight hits you with a +1 spear of venom.
You feel drained.
You are more poisoned.
Okay, then.
* * * LOW HITPOINT WARNING * * *
You feel very sick. You block the wight's attack.
Things that are here:
a +0 long sword; a +0 robe
* * * LOW HITPOINT WARNING * * *
You feel very sick.
You feel very mighty all of a sudden.
You feel very sick. The wight closely misses you.
You feel sick.
The wight hits you from afar with a +1 spear of venom.
* * * LOW HITPOINT WARNING * * *
You are lethally poisoned!
* * * LOW HITPOINT WARNING * * *
You feel very sick. The wight barely misses you.
Things that are here:
a +0 long sword; a +0 robe You closely miss the wight.
The wight is moderately damaged.
* * * LOW HITPOINT WARNING * * *
You feel sick. You block the wight's attack.
You barely miss the wight.
The wight is moderately damaged.
* * * LOW HITPOINT WARNING * * *
You feel sick. The wight hits you but does no damage.
You are more poisoned.
Really quaff the potion of mutation?
You feel extremely strange.
You lose the ability to read scrolls when threatened.
You feel weirdly uncertain.
You feel less in control of your magic.
You die...

.....
.....
#...
#..# #..
#.####
#<...#
#.##z#
#.##@#
#.##.#
#.##.#
#.##..
#.##...
#.##.###
#.z..#
###


You could see a wight.

Vanquished Creatures
  An ice beast (D:6)
  A black bear (D:4)
  A sky beast (D:5)
  2 ogres
  7 kobold brigands (Sewer)
  2 phantoms
  4 scorpions
  A wight (D:7)
  2 centaur skeletons
  3 jellies
  A bullfrog skeleton (D:5)
  2 orc priests
  3 hounds
  2 orc wizards (D:2)
  An iguana (D:5)
  4 gnolls (D:4)
  10 adders
  2 river rats (Sewer)
  2 adder skeletons (D:4)
  7 worms
  2 dart slugs
  24 orcs
  7 ball pythons
  3 bats
  7 endoplasms
  A giant cockroach (D:3)
  6 goblins
  4 hobgoblins
  5 quokkas
  2 frilled lizards (D:2)
  5 kobolds
  6 rats
130 creatures vanquished.

Vanquished Creatures (others)
  6 orcs (D:3)
  A ball python (D:3)
  A hobgoblin (D:3)
8 creatures vanquished.

Grand Total: 138 creatures vanquished

Notes
Turn   | Place    | Note
-------+----------+-------------------------------------------
     0 | D:1      | croobank the Hill Orc Fighter began the quest for the Orb.
     0 | D:1      | Reached XP level 1. HP: 19/19 MP: 1/1
   615 | D:1      | Found a faded altar of an unknown god.
   650 | D:1      | Reached XP level 2. HP: 26/27 MP: 2/2
  1248 | D:2      | Reached XP level 3. HP: 33/33 MP: 3/3
  1307 | D:2      | Reached XP level 4. HP: 23/40 MP: 4/4
  1959 | D:2      | Reached XP level 5. HP: 45/47 MP: 5/5
  2376 | D:3      | Noticed a phantom
  2404 | D:3      | Killed a phantom
  2646 | D:3      | Became a worshipper of Beogh the Brigand
  2661 | D:3      | Reached XP level 6. HP: 55/55 MP: 6/6
  2708 | D:3      | Reached skill level 5 in Fighting
  3105 | D:4      | Identified the +9 whip of Ced Izo {pain, Int+3 SInv}
  3114 | D:4      | Reached skill level 5 in Axes
  3206 | D:4      | Found Dudew's Antique Weapon Shoppe.
  3334 | D:4      | Reached skill level 1 in Maces & Flails
  3334 | D:4      | Reached skill level 5 in Armour
  3334 | D:4      | Reached skill level 5 in Shields
  3402 | D:4      | Reached XP level 7. HP: 61/61 MP: 7/7
  3522 | D:4      | Found a staircase to the Ecumenical Temple.
  4029 | D:4      | Bought a runed morningstar for 182 gold pieces
  4892 | D:5      | Entered Level 5 of the Dungeon
  4936 | D:5      | Found Zaps's Armour Shop.
  4968 | D:5      | Reached XP level 8. HP: 67/70 MP: 8/8
  5088 | D:5      | Found Nithrabe's Assorted Antiques.
  5120 | D:5      | Found a glowing drain.
  5130 | D:5      | Reached * piety under Beogh
  5135 | Sewer    | Entered a sewer
  6479 | D:5      | Bought a scroll labelled QENUTO XUMUPT for 30 gold pieces
  6678 | D:5      | Found a stormy altar of Qazlal.
  7377 | D:6      | Reached XP level 9. HP: 79/79 MP: 9/9
  7600 | D:6      | Reached ** piety under Beogh
  7622 | D:6      | Reached skill level 5 in Maces & Flails
  8000 | D:7      | Gained mutation: You sometimes lose the ability to read
                  | scrolls when taking damage. [potion of mutation]
  8000 | D:7      | Gained mutation: You are occasionally teleported next to
                  | monsters. [potion of mutation]
  8000 | D:7      | Gained mutation: Your spells are a little harder to cast,
                  | but a little more powerful. [potion of mutation]
  8000 | D:7      | Succumbed to a wight's poison

Illustrated notes

Levels and vault maps discovered:
D:1:      eino_arrival_cavern_b, layout_loops_corners,
          shapermc_ecumenical_altar_mp_highgroup, minmay_tripent
D:2:      layout_loops_ring, minmay_distorted
D:3:      layout_rooms, kennysheep_doodads
D:4:      layout_layer_cave, minmay_temple_entry_statues_fountains,
          serial_shops, nicolae_diamond_shop
D:5:      layout_basic, serial_shops, nicolae_stop_n_shop_1,
          cheibrodos_sewer_entry_bend, hangedman_decor_diamond_cutter,
          kennysheep_flooded_box, nicolae_stop_n_shop_2,
          corexii_leaking_fountain
D:6:      layout_cave_pods, kennysheep_mini, serial_shops,
          nicolae_lakefront_shop
D:7:      layout_basic, hex_intersection, uniq_menkaure

Skill      XL: |  1  2  3  4  5  6  7  8  9 |
---------------+----------------------------+-----
Axes           | 3 4 5 |  5.0
Fighting       | 4 5 6 7 |  7.9
Shields        | 4 5 6 7 |  7.3
Armour         | 4 5 6 7 |  7.2
Maces & Flails | 1 2 4 5 |  5.2

Action                   |  1- 3 |  4- 6 |  7- 9 || total
-------------------------+-------+-------+-------++-------
Melee: War axe           |    62 |   132 |       ||   194
       Whip              |       |    14 |   299 ||   313
       Flail             |       |     5 |       ||     5
Throw: Boomerang         |       |     2 |     5 ||     7
       Dart              |       |       |     8 ||     8
Invok: Convert to Beogh  |       |     1 |       ||     1
  Use: Scroll            |     1 |     1 |    10 ||    12
       Potion            |     1 |     2 |     5 ||     8
Armor: Scale mail        |    38 |    68 |    78 ||   184
       Chain mail        |       |       |     7 ||     7
Dodge: Dodged            |    19 |    76 |    79 ||   174
Block: Buckler           |     7 |    41 |    50 ||    98
